 Dungeon Crawl Stone Soup version 0.14-a0-181-gf6fe0c6 (webtiles) character file.

2688 PolkaDot the Jinx (level 9, -1/57 HPs)
             Began as a Vampire Enchanter on Oct 6, 2013.
             Was a Believer of Sif Muna.
             Slain by a hill giant zombie (21 damage)
             ... on Level 8 of the Dungeon.
             The game lasted 00:44:59 (5909 turns).

PolkaDot the Jinx (Vampire Enchanter)               Turns: 5909, Time: 00:45:00

HP  -1/57        AC  4     Str  9      XL: 9   Next: 19%
MP  10/21        EV 11     Int 19      God: Sif Muna [**....]
Gold 364         SH  0     Dex 15      Spells:  5 memorised,  2 levels left

Res.Fire  : . . .   See Invis. : +   m - +2,+1 elf dagger (drain)
Res.Cold  : + . .   Warding    : .   A - +0 leather armour of Calculation {rElec rP Life Prot.: . . . Conserve : . (no shield)
Res.Poison: +       Res.Corr.  : .   (no helmet)
Res.Elec. : +       Clarity    : +   (no cloak)
Sust.Abil.: . .     Spirit.Shd : .   F - +0 pair of gauntlets
Res.Mut.  : .       Stasis     : .   (no boots)
Res.Rott. : .       Flight     : .   (no amulet)
Saprovore : . . .                    w - ring of protection from cold
                                     r - +2 ring of strength

@: regenerating very quickly, somewhat resistant to hostile enchantments, very
stealthy
A: bottle blood, fangs 3, see invisible, clarity, mutation resistance 1,
unbreathing
a: Bottle Blood, Channel Energy, Forget Spell, Renounce Religion


You were on level 8 of the Dungeon.
You worshipped Sif Muna.
Sif Muna was pleased with you.
You were almost alive.

You visited 2 branches of the dungeon, and saw 9 of its levels.
You also visited: Sewer.

You collected 414 gold pieces.
You spent 70 gold pieces at shops.

Inventory:

Hand weapons
 g - a cursed +3,+2 elven short sword of draining
 m - a +2,+1 elven dagger of draining (weapon)
Missiles
 d - 12 darts (quivered)
Armour
 A - the +0 leather armour of Calculation (worn) {rElec rPois}
   (You found it on level 4 of the Dungeon)

   It insulates you from electricity.
   It protects you from poison.
 F - a +0 pair of gauntlets (worn)
Magical devices
 e - a wand of disintegration (9)
 h - a wand of fire (2)
 k - a wand of random effects (0)
 x - a wand of fire (6)
 B - a wand of draining (4)
 G - a wand of polymorph (9) {unknown}
Scrolls
 a - 3 scrolls of teleportation
 f - 5 scrolls of curse weapon {unknown}
 j - 3 scrolls of enchant weapon II
 l - 3 scrolls of fear {unknown}
 n - 6 scrolls of remove curse
 o - 3 scrolls of amnesia {unknown}
 q - 3 scrolls of random uselessness {unknown}
 s - 3 scrolls of enchant armour {unknown}
 u - 2 scrolls of blinking {unknown}
 v - a scroll of fog {unknown}
 y - a scroll of noise {unknown}
 C - 5 scrolls of identify
Jewellery
 i - an uncursed ring of ice
 r - a +2 ring of strength (left hand)
 w - a ring of protection from cold (right hand)
Potions
 b - a potion of brilliance
 p - 4 potions of blood
 t - 2 potions of restore abilities
 z - 2 potions of cure mutation
 E - a potion of invisibility
 I - a potion of heal wounds
Books
 c - a book of Maledictions

   Spells                             Type                      Level
   *Corona                            Hexes                        1
   Sure Blade                         Hexes/Charms                 2
   *Ensorcelled Hibernation           Hexes/Ice                    2
   *Confuse                           Hexes                        3
   *Enslavement                       Hexes                        4
   *Invisibility                      Hexes                        6
 D - a book of the Warp

   Spells                             Type                      Level
   Recall                             Summoning/Translocation      3
   Control Teleport                   Charms/Translocation         4
   Phase Shift                        Translocation                5
   Warp Weapon                        Charms/Translocation         5
   Dispersal                          Translocation                6
   Controlled Blink                   Translocation                7
   Disjunction                        Translocation                8
 H - a book of the Dragon

   Spells                             Type                      Level
   Flight                             Charms/Air                   3
   Cause Fear                         Hexes                        4
   Bolt of Fire                       Conjuration/Fire             6
   Dragon Form                        Transmutation                7
   Summon Dragon                      Summoning                    9


   Skills:
 - Level 4.0 Short Blades
 - Level 0.7 Throwing
 - Level 2.1 Armour
 - Level 2.1 Dodging
 - Level 9.0 Stealth
 - Level 5.2 Spellcasting
 * Level 10.6 Hexes
 * Level 4.1 Ice Magic
 + Level 0.0 Invocations


You had 2 spell levels left.
You knew the following spells:

 Your Spells              Type           Power        Failure   Level  Hunger
a - Corona                Hex            #####..      1%          1    None
c - Confuse               Hex            #####...     1%          3    ###....
d - Ensorcelled Hibernat  Hex/Ice        ####..       1%          2    None
e - Enslavement           Hex            #####...     1%          4    ####...
i - Invisibility          Hex            #####...     28%         6    #######


Dungeon Overview and Level Annotations

Branches:
Dungeon (8/27)             Temple (1/1) D:4             Orc (0/4) D:7
   Lair: D:8-13

Altars:
Ashenzari
Cheibriados
Elyvilon
Fedhas
Kikubaaqudgha
Makhleb
Nemelex Xobeh
Okawaru
Sif Muna
Trog
Vehumet
Xom
Yredelemnul
Zin
the Shining One

Shops:
D:6 !

Annotations:
D:8 Edmund


Innate Abilities, Weirdness & Mutations

Your natural rate of healing is extremely fast.
You can bottle blood from corpses.
You have razor-sharp teeth.*
You have supernaturally acute eyesight.
You can survive without breathing.*
You possess an exceptional clarity of mind.+ You are somewhat resistant to further mutation.+


Message History

You bite the hill giant zombie, but do no damage.
You hit the hill giant zombie.
The hill giant zombie seems less confused.
The hill giant zombie barely misses you.
You hit the hill giant zombie but do no damage.
The hill giant zombie hits you!
Casting: Confuse
Confirm with . or Enter, or press ? or * to list all spells.
Aiming: Confuse
Press: ? - help, Shift-Dir - straight line, f/p - hill giant zombie
Aim: a hill giant zombie The hill giant zombie appears confused.
You strike the helpless hill giant zombie from behind!
You impale the hill giant zombie!! You bite the hill giant zombie.
You hit the hill giant zombie. The hill giant zombie hits you.
You hit the hill giant zombie.
You hit the hill giant zombie but do no damage.
The hill giant zombie hits you!
You die...

##.# ###..# #...##
###'###### ##########
#......... #........#
#......... #........#
#......... #........###
#...%..... #....Z@....#
#.........
#........#...#.........
#........# #.#.(....[..
#.....%..# #.........
###.###### +>........
#.# #......... ##.#
#####'#### #..# #..#
#####'##### ##.#####


You could see a hill giant zombie (confused).

Vanquished Creatures
  Grinder (D:6)
  A hippogriff (D:7)
  Menkaure (D:6)
  2 phantoms
  An orc warrior (D:7)
  An ogre (D:4)
  Blork the orc (D:8)
  5 giant frogs
  A sky beast (D:7)
  A cyclops skeleton (D:8)
  3 killer bees (D:8)
  4 wights (D:7)
  2 centaurs
  2 hounds
  A jelly (D:6)
  3 crimson imps
  An iguana (D:7)
  A goliath beetle (D:8)
  4 worker ants
  3 orc wizards
  A scorpion (D:6)
  3 giant mites
  5 adders
  4 worms
  2 grey rats (D:5)
  A giant eyeball (D:4)
  9 giant geckos
  2 oozes
  28 orcs
  2 bat skeletons (D:4)
  16 giant cockroaches
  16 hobgoblins
  11 jackals
  3 ball pythons
  13 bats
  13 giant newts
  18 goblins
  13 kobolds
  A kobold skeleton (D:4)
  An orc skeleton (D:4)
  An orc zombie (D:6)
  4 quokkas
  10 rats
  A rat zombie (D:5)
217 creatures vanquished.

Vanquished Creatures (others)
  A killer bee (D:8)
1 creature vanquished.

Grand Total: 218 creatures vanquished

Notes
Turn   | Place    | Note
--------------------------------------------------------------
     0 | D:1      | PolkaDot, the Vampire Enchanter, began the quest for the Orb.
     0 | D:1      | Reached XP level 1. HP: 13/13 MP: 4/4
   232 | D:1      | Reached XP level 2. HP: 19/19 MP: 5/5
   510 | D:2      | Reached XP level 3. HP: 24/24 MP: 6/6
   512 | D:2      | Reached skill level 5 in Hexes
   628 | D:2      | Learned a level 3 spell: Confuse
   768 | D:2      | Reached XP level 4. HP: 27/30 MP: 8/8
   794 | D:2      | Found a burning altar of Makhleb.
   798 | D:2      | Noticed a cacodemon
   799 | D:2      | Found a glowing silver altar of Zin.
   800 | D:2      | Noticed an angel
  1733 | D:4      | Gained mutation: You possess an exceptional clarity of mind. [potion of mutation]
  1755 | D:5      | Entered Level 5 of the Dungeon
  1775 | D:5      | Paralysed by a potion of paralysis for 5 turns
  1892 | D:5      | Found a glowing drain.
  1905 | D:5      | Reached XP level 5. HP: 35/35 MP: 9/9
  1924 | Sewer    | Entered a sewer
  2153 | Sewer    | Reached skill level 6 in Hexes
  2155 | Sewer    | Reached XP level 6. HP: 10/41 MP: 1/13
  2518 | D:5      | Learned a level 4 spell: Enslavement
  2753 | D:5      | Noticed a centaur
  2760 | D:5      | Killed a centaur
  2760 | D:5      | Reached skill level 5 in Stealth
  2850 | D:4      | Found an iron altar of Okawaru.
  2859 | D:4      | Got a twitching steel ring
  2862 | D:4      | Identified the ring of False Pretenses {Str-1 SInv} (You found it on level 4 of the Dungeon)
  2942 | D:4      | Paralysed by a giant eyeball for 2 turns
  2981 | D:4      | Got a polished leather armour
  2982 | D:4      | Identified the +0 leather armour of Calculation {rElec rPois} (You found it on level 4 of the Dungeon)
  3036 | D:4      | Found a staircase to the Ecumenical Temple.
  3048 | Temple   | Entered the Ecumenical Temple
  3259 | Temple   | Became a worshipper of Sif Muna the Loreminder
  3295 | D:4      | Noticed an ogre
  3297 | D:4      | Killed an ogre
  3400 | D:4      | Reached skill level 7 in Hexes
  3400 | D:4      | Reached XP level 7. HP: 46/46 MP: 16/16
  3628 | D:6      | Noticed Grinder
  3628 | D:6      | Paralysed by Grinder for 3 turns
  3687 | D:5      | Reached skill level 1 in Armour
  3719 | D:6      | Paralysed by Grinder for 3 turns
  3790 | D:5      | Gained mutation: You are somewhat resistant to further mutation. [potion of beneficial mutation]
  3928 | D:5      | Learned a level 6 spell: Invisibility
  3940 | D:6      | Paralysed by Grinder for 7 turns
  3963 | D:6      | Killed Grinder
  4023 | D:6      | Found Phuifuc's Distillery.
  4077 | D:6      | Bought a potion of might for 35 gold pieces
  4077 | D:6      | Bought a potion of agility for 35 gold pieces
  4117 | D:6      | Acquired Sif Muna's first power
  4117 | D:6      | Reached XP level 8. HP: 11/52 MP: 8/19
  4133 | D:6      | Noticed Menkaure
  4168 | D:6      | Reached skill level 5 in Spellcasting
  4269 | D:6      | Reached skill level 8 in Hexes
  4278 | D:6      | Learned a level 2 spell: Ensorcelled Hibernation
  4377 | D:6      | Killed Menkaure
  4591 | D:7      | Reached skill level 1 in Ice Magic
  4732 | D:7      | Reached skill level 9 in Hexes
  4781 | D:7      | Found a staircase to the Orcish Mines.
  5106 | D:7      | Found a radiant altar of Vehumet.
  5448 | D:7      | Acquired Sif Muna's second power
  5528 | D:8      | Noticed Blork the orc
  5531 | D:8      | Killed Blork the orc
  5531 | D:8      | Reached skill level 10 in Hexes
  5577 | D:8      | Reached XP level 9. HP: 20/57 MP: 1/21
  5709 | D:8      | Noticed Edmund
  5909 | D:8      | Slain by a hill giant zombie

Action                   |  1- 3 |  4- 6 |  7- 9 || total
-------------------------+-------+-------+-------++-------
Melee: Dagger            |    94 |   235 |   290 ||   619
       Short sword       |       |       |    45 ||    45
 Cast: Corona            |     1 |       |       ||     1
       Confuse           |     1 |     6 |    45 ||    52
       Ensorcelled Hiber |       |       |    26 ||    26
       Invisibility      |       |       |     1 ||     1
Invok: Channel Energy    |       |       |    14 ||    14
 Abil: Bottle Blood      |       |       |    26 ||    26
Evoke: Wand              |       |     2 |     9 ||    11
  Use: Potion            |       |     6 |    24 ||    30
       Scroll            |       |    10 |     5 ||    15
 Stab: Sleeping          |     9 |    14 |    19 ||    42
       Confused          |       |     2 |    17 ||    19
       Distracted        |       |       |     2 ||     2
